 Dungeon Crawl Stone Soup version 0.28-a0-1382-g92835e5c71 (webtiles) character file.

Game seed: 3665369128567690094

225 fragbeetle the Cudgeller (level 5, -1/53 HPs)
             Began as a Troll Berserker on Jan 2, 2022.
             Was a Believer of Trog.
             Slain by an orc priest (7 damage)
             ... on level 4 of the Dungeon.
             The game lasted 00:07:03 (2185 turns).

fragbeetle the Cudgeller (Troll Berserker)          Turns: 2185, Time: 00:07:07

Health: -1/53      AC:  4    Str: 31    XL:     5   Next: 68%
Magic:  4/4        EV: 10    Int:  5    God:    Trog [**....]
Gold:   99         SH:  0    Dex:  9    Spells: 4/4 levels left

rFire   . . .      SeeInvis .   p - +0 flail
rCold   . . .      Faith    .   (no shield)
rNeg    . . .      Spirit   .   b - +0 animal skin
rPois   .          Reflect  .   (helmet restricted)
rElec   .          Harm     .   (no cloak)
rCorr   .          Rampage  .   (gloves unavailable)
Will    .....                   (boots unavailable)
Stlth   +.........              h - amulet of regeneration
HPRegen 1.77/turn               l - +6 ring of strength
MPRegen 0.09/turn               (no ring)

@: about to teleport, on berserk cooldown, slowed, very slow
A: large, unfitting armour, claws 3, regeneration 1, shaggy fur 1, tough skin 1
a: Renounce Religion, Berserk, Trog's Hand


You were on level 4 of the Dungeon.
You worshipped Trog.
Trog was pleased with you.
You visited 1 branch of the dungeon, and saw 4 of its levels.

You collected 99 gold pieces.

Inventory:

Hand Weapons
 p - a +0 flail (weapon)
Missiles
 c - 51 stones (quivered)
Armour
 b - a +0 animal skin (worn)
Jewellery
 h - an amulet of regeneration (around neck)
 l - a +6 ring of strength (left claw)
Scrolls
 a - a scroll of enchant weapon {unknown}
 e - a scroll of teleportation
 f - a scroll of amnesia {unknown}
 i - 3 scrolls of identify {unknown}
 k - 2 scrolls of brand weapon {unknown}
 n - a scroll of summoning {unknown}
 o - a scroll of vulnerability {unknown}
Potions
 d - 2 potions of curing
 g - a potion of lignification {unknown}
 j - a potion of mutation {unknown}
 m - a potion of resistance {unknown}


   Skills:
 + Level 3.3 Fighting
 * Level 4.6 Maces & Flails
 + Level 3.3 Dodging


You had 4 spell levels left.
You didn't know any spells.
Your spell library was empty.

Dungeon Overview and Level Annotations

Branches:
Dungeon (4/15)
 Temple: D:4-7

Altars:

Shops:
D:1 (*[   D:3 :=[(


Innate Abilities, Weirdness & Mutations

You are too large for most types of armour.
You have claws for hands.
Your natural rate of healing is unusually fast.
You are covered in fur. (AC +1)
You have tough skin. (AC +1)


Message History

The orc hits you from afar with a +0 trident.
You hit the orc wizard.
The orc wizard is lightly wounded.
The orc barely misses you. The orc wizard barely misses you.
The orc hits you from afar with a +0 trident.
The orc priest hits you but does no damage.
The orc wizard hits you with a +0 dagger.
You closely miss the orc wizard.
The orc wizard is lightly wounded.
The orc priest mumbles some strange prayers to Beogh against you.
Beogh smites you! The orc barely misses you. The orc wizard barely misses you.
The orc hits you but does no damage.
The orc priest hits you with a +0 hand axe.
You barely miss the orc wizard.
The orc wizard is lightly wounded.
The orc wizard hits you but does no damage.
The orc priest casts a cantrip, but nothing happens.
The orc hits you from afar with a +0 trident.
* * * LOW HITPOINT WARNING * * *
The orc wizard hits you with a +0 dagger.
* * * LOW HITPOINT WARNING * * *
The orc priest hits you with a +0 hand axe.
* * * LOW HITPOINT WARNING * * *
The orc hits you from afar with a +0 trident.
* * * LOW HITPOINT WARNING * * *
It was a potion of curing.
You feel better.
The orc wizard mumbles some strange words.
The orc wizard flickers and vanishes!
Deactivating autopickup; reactivate with Ctrl-A.
The orc priest closely misses you. The orc completely misses you.
Something hits you.
* * * LOW HITPOINT WARNING * * *
As you read the scroll labelled ROSAOW ZOTTERE, it crumbles to dust.
You feel strangely unstable.
It was a scroll of teleportation.
The orc priest hits you with a +0 hand axe.
* * * LOW HITPOINT WARNING * * *
The orc barely misses you. Something hits you.
* * * LOW HITPOINT WARNING * * *
The orc priest hits you with a +0 hand axe!
You die...

#.........oo.....#......#
#........<.......#......#
#.........o.....)o......#
#....####################
#....###..####.####....###
#....#....................
#....#....................
#....#...{................
#....'..o@................
#....#.o..................
#....##...##...##.......##
#....##...##...##.......##
#.....#...#....#.........#
#.....#...#....#.........#
#.....#...#....#.........#
#.....#...#....#.........#
#.<.###...##...###....#..#


You could see an orc priest and an orc.

Vanquished Creatures
  2 hounds (D:3)
  An orc priest (D:4)
  An orc wizard (D:4)
  A gnoll (D:1)
  4 adders
  A white imp (D:3)
  A worm (D:2)
  5 orcs
  4 bats
  3 endoplasms
  3 giant cockroaches
  3 goblins (D:1)
  5 hobgoblins
  3 jackals (D:2)
  7 kobolds
  6 ball pythons
  2 frilled lizards
  3 rats
55 creatures vanquished.

Notes
Turn   | Place    | Note
-------+----------+-------------------------------------------
     0 | D:1      | fragbeetle the Troll Berserker began the quest for the Orb.
     0 | D:1      | Reached XP level 1. HP: 22/22 MP: 0/0
   114 | D:1      | Reached skill level 3 in Maces & Flails
   114 | D:1      | Reached XP level 2. HP: 25/29 MP: 1/1
   281 | D:1      | Found Qisa's Antique Weapon Emporium.
   297 | D:1      | Found Ylocw's Assorted Antiques.
   414 | D:1      | Found Qyucyng's Armour Boutique.
   444 | D:1      | Found a faded altar of an unknown god.
   676 | D:1      | Reached XP level 3. HP: 36/36 MP: 2/2
  1056 | D:2      | Reached ** piety under Trog
  1404 | D:3      | Found Rimadah's Weapon Shop.
  1479 | D:3      | Reached XP level 4. HP: 43/44 MP: 3/3
  1488 | D:3      | Found Rilann's Antique Armour Shoppe.
  1524 | D:3      | Found Kutohoq's Book Shop.
  1684 | D:3      | Found Haepofudgh's Jewellery Shoppe.
  1751 | D:3      | Reached skill level 4 in Maces & Flails
  1758 | D:3      | Reached XP level 5. HP: 53/53 MP: 4/4
  2185 | D:4      | Slain by an orc priest

Illustrated notes

Levels and vault maps discovered:
D:1:      arrival_zaba_pyramid, layout_basic, serial_shops,
          nicolae_shop_advertising_works [nicolae_subvault_shop_adworks],
          nicolae_shop_trees, nicolae_lakefront_shop,
          shapermc_ecumenical_altar_pompeii, lemuel_old_faithful
D:2:      layout_rooms
D:3:      layout_rooms, serial_shops, shop, shop, nicolae_diamond_shop,
          nicolae_shop_hallway_stairs, cheibrodos_gnoll_hut
D:4:      layout_gridville, uniq_sigmund

Skill      XL: |  1  2  3  4 |
---------------+-------------+-----
Maces & Flails | 3 4 |  4.6
Dodging        | 3 |  3.3
Fighting       | 3 |  3.3

Action                   |  1- 3 |  4- 6 || total
-------------------------+-------+-------++-------
Melee: Mace              |    92 |    50 ||   142
       Flail             |       |    38 ||    38
Invok: Berserk           |     3 |     2 ||     5
  Use: Scroll            |       |     1 ||     1
       Potion            |       |     1 ||     1
Armor: Animal skin       |    28 |    32 ||    60
Dodge: Dodged            |    38 |    54 ||    92

Table legend: (Time is in decaauts)
 A = Elapsed time spent in this place.
 B = Non-inter-level travel time spent in this place.
 C = Inter-level travel time spent in this place.
 D = Time resting spent in this place.
 E = Time spent auto-exploring this place.
 F = Levels seen in this place.
 G = Mean time per level.
                   A        B        C        D        E       F      G
               +--------+--------+--------+--------+--------+-----+--------+
         Total |   2259 |   2162 |     97 |    123 |   1120 |   4 |  564.8 |
       Dungeon |   2259 |   2162 |     97 |    123 |   1120 |   4 |  564.8 |
               +--------+--------+--------+--------+--------+-----+--------+

Top non-repeatable levels by time:
     D:1: 931 daAuts
     D:3: 530 daAuts
     D:2: 518 daAuts
     D:4: 279 daAuts
